 Dungeon Crawl Stone Soup version 0.26.0-15-gc6cd9f700b (webtiles) character file.

Game seed: 10746766870535864125

231 Yuikono the Distorting Demonspawn (level 5, -1/42 HPs)
             Began as a Demonspawn Abyssal Knight on Jan 16, 2021.
             Was a Believer of Lugonu.
             Slain by an ogre
             ... wielding a +0 giant spiked club
              (24 damage)
             ... on level 4 of the Dungeon.
             The game lasted 00:23:31 (5122 turns).

Yuikono the Distorting Demonspawn (DsAK)            Turns: 5122, Time: 00:23:32

Health: -1/42      AC:  6    Str: 12    XL:     5   Next: 72%
Magic:  7/8        EV: 10    Int: 13    God:    Lugonu [**....]
Gold:   183        SH:  0    Dex: 14    Spells: 4/4 levels left

rFire    . . .     SeeInvis .   a - +1 spear
rCold    . . .     Faith    .   (no shield)
rNeg     . . .     Spirit   .   s - +1 ring mail
rPois    .         Reflect  .   (helmet restricted)
rElec    .         Harm     .   (no cloak)
rCorr    .         Rampage  .   (no gloves)
Will     .....                  (no boots)
Stlth    +.........             (no amulet)
HPRegen  0.14/turn              (no ring)
MPRegen  0.11/turn              (no ring)

@: no status effects
A: antennae 1, powered by death 1, powered by pain 1
a: Renounce Religion, Depart the Abyss, Bend Space


You were on level 4 of the Dungeon.
You worshipped Lugonu.
Lugonu was pleased with you.
You visited 1 branch of the dungeon, and saw 4 of its levels.
You visited the Abyss 1 time.

You collected 183 gold pieces.

Inventory:

Hand Weapons
 a - a +1 spear (weapon)
 m - a +0 short sword of venom
 n - a +0 hunting sling
 y - a +0 halberd
Missiles
 f - 123 stones (quivered)
 g - 57 arrows
Armour
 b - a +0 leather armour
 s - a +1 ring mail (worn)
Wands
 A - a wand of digging (2)
Scrolls
 c - 2 scrolls of enchant armour
 d - a scroll of blinking {unknown}
 e - a scroll of random uselessness {unknown}
 h - 2 scrolls of remove curse {unknown}
 j - a scroll of teleportation {unknown}
 p - a scroll of fog {unknown}
 q - 2 scrolls of identify {unknown}
 t - a scroll of enchant weapon {unknown}
 w - a scroll of noise {unknown}
 x - a scroll of fear {unknown}
Potions
 i - a potion of haste
 k - a potion of heal wounds {unknown}
 l - a potion of curing {unknown}
 o - a potion of lignification {unknown}
 r - a potion of mutation {unknown}
 u - a potion of attraction {unknown}
 v - 2 potions of berserk rage {unknown}
 z - a potion of flight {unknown}


   Skills:
 + Level 4.2 Fighting
 + Level 3.3 Polearms
 - Level 2.5 Armour
 - Level 0.8 Dodging
 + Level 4.6 Invocations


You had 4 spell levels left.
You didn't know any spells.
Your spell library was empty.

Dungeon Overview and Level Annotations

Branches:
Dungeon (4/15)
 Temple: D:4-7

Altars:
Ashenzari
Cheibriados
Elyvilon
Nemelex Xobeh
Vehumet
The Shining One

Annotations:
D:4 Grinder


Innate Abilities, Weirdness & Mutations

You have a pair of small antennae on your head.
You regenerate a little health from kills.
You sometimes gain a little power by taking damage.


Message History

There is a stone staircase leading up here.
Space bends around you!
You blink.
Throw: 125 stones
Press: ? - help, Q - select action, (/) - cycle Shift-Dir - straight line, f/p - ogre
Aim: an ogre, wielding a +0 giant spiked club (moderately wounded)
You throw a stone. The stone hits the ogre.
The ogre is moderately wounded.
Throw: 124 stones
Press: ? - help, Q - select action, (/) - cycle Shift-Dir - straight line, f/p - ogre
Aim: an ogre, wielding a +0 giant spiked club (moderately wounded)
You throw a stone. The stone hits the ogre.
The ogre is heavily wounded.
You reach to attack!
You barely miss the ogre.
The ogre is heavily wounded.
Press: ? - help, v - describe, . - travel A rock wall.
Space bends around you!
You blink.
The ogre hits you with a +0 giant spiked club!!
Ouch! That really hurt!
You die...

############ #.......§O.#
#.########@# ### #.# #.# ##.##
#.# #.# #####.#.#
..##.#.########.########....###.
..............##..........(.## ##
...####.###.#.###########.#(.###.
#.##....# #.#.#.#.#
#####.#.#.#.### ## #.#.##.#
..............[ .######.#.##.#


You could see an ogre.

Vanquished Creatures
  Jessica (D:2)
  A bullfrog skeleton (D:4)
  A hound zombie (D:2)
  A worker ant zombie (D:2)
  6 adders
  An ooze (D:2)
  3 worms
  3 dart slugs (D:1)
  3 leopard geckos
  2 orcs (D:3)
  2 ball pythons
  A giant cockroach (D:1)
  11 goblins
  8 hobgoblins
  7 jackals
  2 quokkas (D:2)
  10 bats
  A frilled lizard (D:3)
  6 kobolds
  7 rats
77 creatures vanquished.

Notes
Turn   | Place    | Note
-------+----------+-------------------------------------------
     0 | Abyss:1  | Yuikono the Demonspawn Abyssal Knight began the quest for
                  | the Orb.
     0 | Abyss:1  | Reached XP level 1. HP: 18/18 MP: 2/2
    34 | Abyss:1  | Noticed a rakshasa
    36 | Abyss:1  | Noticed a small abomination
    74 | Abyss:1  | Noticed a ynoxinul
    77 | Abyss:1  | Noticed a small abomination
    82 | Abyss:1  | Noticed a large abomination
    90 | D:1      | Escaped the Abyss
   370 | D:1      | Gained mutation: You regenerate a little health from kills.
                  | [demonic ancestry]
   370 | D:1      | Reached XP level 2. HP: 22/24 MP: 4/4
   467 | D:1      | Reached * piety under Lugonu
   664 | D:1      | Found a glowing golden altar of the Shining One.
  1183 | D:2      | Reached XP level 3. HP: 29/29 MP: 5/5
  1446 | D:2      | Gained mutation: You have a pair of small antennae on your
                  | head. [demonic ancestry]
  1446 | D:2      | Reached XP level 4. HP: 19/35 MP: 6/6
  2436 | D:2      | Found a radiant altar of Vehumet.
  2436 | D:2      | Found a snail-covered altar of Cheibriados.
  2441 | D:2      | Found a sparkling altar of Nemelex Xobeh.
  2758 | D:2      | Noticed Jessica
  2781 | D:2      | Killed Jessica
  2781 | D:2      | Reached ** piety under Lugonu
  2782 | D:2      | Gained mutation: You sometimes gain a little power by
                  | taking damage. [demonic ancestry]
  2782 | D:2      | Reached XP level 5. HP: 36/42 MP: 6/8
  3721 | D:3      | Found a broken altar of Ashenzari.
  3721 | D:3      | Found a white marble altar of Elyvilon.
  3772 | D:3      | Noticed a sky beast
  4412 | D:4      | Noticed Grinder
  5048 | D:4      | Noticed an ogre
  5122 | D:4      | Slain by an ogre

Illustrated notes

Levels and vault maps discovered:
D:1:      minmay_arrival_statue_studded, layout_loops_cross, st_stairs_13,
          tso_metal_star
D:2:      minmay_spotlight, layout_loops_corners, grunt_temple_overflow_open,
          uniq_jessica
D:3:      layout_basic, gammafunk_temple_overflow_elements,
          serial_co_window_serial, co_window_paths_a, co_window_paths_b,
          co_window_paths_b, co_window_paths_a, co_window_paths_a,
          co_window_corner_a, co_window_corner_cb, co_window_corner_b,
          co_window_of_opportunity_c, glass_columns_a, glass_columns_a,
          glass_columns_a, glass_columns_a, glass_columns_a
D:4:      layout_loops_ring, old_standard_altar,
          minmay_temple_entry_glassed_door, hangedman_decor_slide_cut,
          uniq_grinder, uniq_blork_the_orc

Skill      XL: |  1  2  3  4  5 |
---------------+----------------+-----
Polearms       | 2 3 |  3.3
Armour         | 2 |  2.5
Invocations    | 3 4 |  4.6
Fighting       | 4 |  4.2
Dodging        | |  0.8

Action                   |  1- 3 |  4- 6 || total
-------------------------+-------+-------++-------
Melee: Spear             |   105 |   269 ||   374
Throw: Stone             |       |     4 ||     4
Invok: Depart the Abyss  |     1 |       ||     1
       Bend Space        |       |     5 ||     5
  Use: Scroll            |       |     2 ||     2
       Potion            |       |     1 ||     1
 Stab: Sleeping          |     1 |       ||     1
Armor: Leather armour    |    14 |     4 ||    18
       Ring mail         |       |    54 ||    54
Dodge: Dodged            |    53 |   106 ||   159
